 Dungeon Crawl Stone Soup version 0.27-a0-291-gd9602db6ee (webtiles) character file.

Game seed: 16326090179919843350

28551 Fenrir042 the Fighter (level 13, -11/110 (122) HPs)
             Began as a Minotaur Berserker on Feb 9, 2021.
             Was a High Priest of Trog.
             Mangled by an ice devil (18 damage)
             ... summoned by an orc sorcerer
             ... on level 2 of the Orcish Mines.
             The game lasted 00:36:46 (13236 turns).

Fenrir042 the Fighter (Minotaur Berserker)         Turns: 13236, Time: 00:36:46

HP:   -11/110 (122) AC: 23    Str: 33    XL:     13   Next: 10%
MP:   12/12         EV:  7    Int:  4    God:    Trog [*****.]
Gold: 1364          SH: 28    Dex: 10    Spells: 12/12 levels left

rFire    . . .     SeeInvis .   a - +8 mithril axe "Arga" {speed, Will+}
rCold    . . .     Faith    .   u - +2 tower shield
rNeg     . . .     Spirit   .   w - +1 plate armour
rPois    .         Reflect  +   (helmet restricted)
rElec    .         Harm     .   J - +0 cloak {rCorr}
rCorr    +         Rampage  .   g - +2 pair of gloves
Will     +++..                  n - +0 pair of boots
Stlth    ..........             X - amulet of reflection
HPRegen  1.28/turn              P - +6 ring of strength
MPRegen  0.13/turn              (no ring)

@: about to teleport, berserk cooldown, regenerating, slowed, drained, very slow
A: retaliatory headbutt, horns 2
a: Renounce Religion, Berserk, Trog's Hand, Brothers in Arms


You were on level 2 of the Orcish Mines.
You worshipped Trog.
Trog was extremely pleased with you.
You visited 2 branches of the dungeon, and saw 14 of its levels.

You collected 1409 gold pieces.
You spent 45 gold pieces at shops.

Inventory:

Hand Weapons
 a - the +8 mithril axe "Arga" (weapon) {speed, Will+}
   (Trog gifted it to you on level 2 of the Orcish Mines)

   Attacks with this weapon are significantly faster.
   It affects your willpower, your defense against some magical effects.
 F - a +7 vorpal war axe
 Y - a +2 antimagic broad axe
Missiles
 M - 3 atropa-tipped darts
 S - 43 poisoned darts
 V - a curare-tipped dart
Armour
 b - a +0 animal skin
 g - a +2 pair of gloves (worn)
 j - a +0 ring mail
 n - a +0 pair of boots (worn)
 u - a +2 tower shield (worn)
 w - a +1 plate armour (worn)
 J - a +0 cloak of preservation (worn)
 U - +0 acid dragon scales
Jewellery
 P - a +6 ring of strength (left hand)
 X - an amulet of reflection (around neck)
Wands
 i - a wand of digging (6)
 l - a wand of random effects (51)
 m - a wand of flame (24)
 y - a wand of charming (11)
 L - a wand of paralysis (9)
 Z - a wand of iceblast (5)
Scrolls
 c - a scroll of fog
 f - 9 scrolls of remove curse
 h - 2 scrolls of fear {unknown}
 k - 2 scrolls of identify
 o - 7 scrolls of blinking
 q - 2 scrolls of magic mapping {unknown}
 r - 2 scrolls of amnesia {unknown}
 s - 3 scrolls of immolation
 t - 3 scrolls of noise
 x - 9 scrolls of teleportation
 C - 2 scrolls of enchant armour
 D - 2 scrolls of random uselessness {unknown}
 G - a scroll of silence {unknown}
 Q - a scroll of summoning {unknown}
 T - a scroll of torment {unknown}
Potions
 d - a potion of mutation {unknown}
 e - a potion of heal wounds {unknown}
 p - 3 potions of might {unknown}
 v - a potion of invisibility {unknown}
 z - a potion of magic {unknown}
 A - 2 potions of haste
 B - 3 potions of flight {unknown}
 E - a potion of brilliance {unknown}
 H - 8 potions of curing
 I - 2 potions of resistance {unknown}
 K - 2 potions of attraction {unknown}
 N - 2 potions of berserk rage {unknown}
 O - 3 potions of lignification {unknown}
 R - 2 potions of cancellation {unknown}


   Skills:
 + Level 13.5 Fighting
 + Level 13.4 Axes
 + Level 13.2 Armour
 - Level 3.5 Dodging
 + Level 12.7 Shields


You had 12 spell levels left.
You didn't know any spells.
Your spell library was empty.

Dungeon Overview and Level Annotations

Branches:
Dungeon (12/15)            Temple (0/1) D:6            Lair (0/6) D:9
    Orc (2/2) D:11            Elf (0/3) Orc:2

Altars:
Cheibriados
Elyvilon
Fedhas
Gozag
Kikubaaqudgha
Makhleb
Nemelex Xobeh
Sif Muna
Trog
Wu Jian
Zin
Beogh

Shops:
D:6 (?   Orc:1 [

Annotations:
D:3 exclusion: oklob plant
D:9 Prince Ribbit


Innate Abilities, Weirdness & Mutations

You reflexively headbutt those who attack you in melee.
You have a pair of horns on your head.


Message History

The ice devil hits you but does no damage.
The orc sorcerer hits you but does no damage.
You block the orc knight's attack.
You slash the orc knight!
The orc knight is severely wounded.
You barely miss the ice devil. You miss the orc sorcerer.
The ice devil barely misses you. You block the orc sorcerer's attack.
The orc knight hits you with a +2 war axe!
* * * LOW HITPOINT WARNING * * *
Unknown command.
As you read the scroll of teleportation, it crumbles to dust.
You feel strangely unstable. You block the ice devil's attack.
You block the orc sorcerer's attack. The smoke demon gestures at you.
The ball of steam hits you but does no damage.
The orc knight closely misses you. You furiously retaliate!
You headbutt the orc knight! The ice devil hits you.
* * * LOW HITPOINT WARNING * * *
The ice devil freezes you!!
You die...

.##...#....###
###.......#####
#.......##
##.#.....##
.....#...##
#....#....#
..........#
#####....##
.........##
##...###.##
##.#....##
##..).).###
###.....###...)))..#
##...).#4o.)##..÷..#
####)##@o.## #....#
##.#))#..3.# .÷...#
#....)))..## .÷÷.÷
#.........# .....
#..........# ....
#....#.....# ....
#..........#
##.........#
#..........


You could see an orc knight, an ice devil (summoned), a smoke demon (summoned)
and an orc sorcerer (strong).

Vanquished Creatures
  The ghost of ra1n577 the Cleaver, a journeyman DDFi of Makhleb (D:11)
  Snorg (D:12)
  A centaur warrior (D:11)
  A hydra (D:12)
  A boulder beetle (D:11)
  4 two-headed ogres
  2 orc high priests (Orc:2)
  An unseen horror (D:11)
  5 orc knights
  2 orc sorcerers (Orc:2)
  3 ugly things (D:11)
  A cyclops (D:12)
  2 centaur zombies
  A gargoyle (D:11)
  5 trolls
  A hornet (D:7)
  14 yaks
  2 wyverns
  A vampire (D:12)
  A basilisk (D:12)
  6 humans (D:9)
  2 wargs (Orc:2)
  An acid dragon (D:11)
  3 soldier ants
  14 orc warriors
  5 ice beasts
  4 sky beasts
  8 ogres
  2 centaurs
  2 phantoms
  5 kobold brigands
  2 gnoll sergeants
  7 bullfrogs
  A wyvern skeleton (D:7)
  A water moccasin zombie (D:10)
  A scorpion (D:10)
  4 killer bees (D:10)
  21 wights
  2 vampire bats (D:6)
  9 howler monkeys
  An electric eel (D:7)
  A jelly (D:7)
  2 bullfrog zombies
  6 hounds
  13 orc priests
  3 bullfrog skeletons
  4 iguanas
  24 orc wizards
  6 worker ants
  A killer bee zombie (D:6)
  A hound skeleton (D:4)
  A howler monkey zombie (D:7)
  3 worker ant zombies
  5 gnolls
  12 adders
  A shadow imp (D:6)
  5 white imps
  An ooze (D:4)
  2 worms (D:2)
  4 dart slugs
  6 leopard geckos
  52 orcs
  4 ball pythons
  3 bat skeletons (D:6)
  3 bat zombies (D:6)
  6 giant cockroaches
  6 goblins
  7 hobgoblins
  4 jackals
  5 quokkas
  12 bats
  3 frilled lizards
  16 kobolds
  A leopard gecko skeleton (D:4)
  A quokka skeleton (D:7)
  4 rats
379 creatures vanquished.

Vanquished Creatures (collateral kills)
  A hydra (D:10)
  An orc high priest (Orc:2)
  2 orc knights (Orc:2)
  2 orc sorcerers
  A troll (D:11)
  2 dream sheep (D:10)
  A warg (Orc:1)
  8 orc warriors
  2 ogres
  4 kobold brigands
  2 gnoll sergeants (D:11)
  An orc priest (Orc:1)
  An iguana (D:11)
  2 orc wizards
  A gnoll (D:11)
  13 orcs
44 creatures vanquished.

Vanquished Creatures (others)
  Maurice (Orc:1)
  An orc wizard (D:6)
  5 plants
  15 toadstools (D:3)
22 creatures vanquished.

Grand Total: 445 creatures vanquished

Notes
Turn   | Place    | Note
-------+----------+-------------------------------------------
     0 | D:1      | Fenrir042 the Minotaur Berserker began the quest for the
                  | Orb.
     0 | D:1      | Reached XP level 1. HP: 19/19 MP: 0/0
   248 | D:1      | Reached XP level 2. HP: 22/27 MP: 1/1
   709 | D:1      | Found a sparkling altar of Nemelex Xobeh.
   845 | D:2      | Reached XP level 3. HP: 21/33 MP: 2/2
  1197 | D:2      | Reached ** piety under Trog
  1296 | D:2      | Reached XP level 4. HP: 41/41 MP: 3/3
  1996 | D:3      | Found an opulent altar of Gozag.
  2074 | D:3      | Found a burning altar of Makhleb.
  2264 | D:3      | Found a blossoming altar of Fedhas.
  2277 | D:3      | Noticed an oklob plant
  2646 | D:4      | Reached XP level 5. HP: 42/47 MP: 4/4
  2900 | D:4      | Reached *** piety under Trog
  3293 | D:4      | Reached skill level 5 in Fighting
  3293 | D:4      | Reached skill level 1 in Shields
  3323 | D:4      | Reached skill level 5 in Axes
  3400 | D:5      | Entered Level 5 of the Dungeon
  3428 | D:5      | Reached XP level 6. HP: 56/56 MP: 5/5
  3637 | D:5      | Noticed a sky beast
  3656 | D:5      | Killed a sky beast
  3840 | D:5      | Noticed a sky beast
  3842 | D:5      | Found a snail-covered altar of Cheibriados.
  3851 | D:5      | Killed a sky beast
  3852 | D:5      | Reached skill level 5 in Armour
  3852 | D:5      | Reached XP level 7. HP: 38/62 MP: 6/6
  4423 | D:6      | Found an ancient bone altar of Kikubaaqudgha.
  4462 | D:6      | Found Jied's Weapon Emporium.
  4520 | D:6      | Found a staircase to the Ecumenical Temple.
  4529 | D:6      | Reached **** piety under Trog
  4539 | D:6      | Reached XP level 8. HP: 71/71 MP: 7/7
  4826 | D:6      | Reached skill level 5 in Shields
  5586 | D:6      | Found Jecualont's Magic Scroll Emporium.
  5589 | D:6      | Bought a scroll of teleportation for 45 gold pieces
  6038 | D:7      | Noticed a hornet
  6051 | D:7      | Killed a hornet
  6314 | D:7      | Reached XP level 9. HP: 81/81 MP: 8/8
  6359 | D:7      | Found a white marble altar of Elyvilon.
  6718 | D:7      | Found an ornate altar of the Wu Jian Council.
  7032 | D:8      | Found a glowing silver altar of Zin.
  7970 | D:9      | Found a staircase to the Lair.
  8047 | D:9      | Noticed Prince Ribbit
  8561 | D:9      | Reached ***** piety under Trog
  8574 | D:9      | Reached XP level 10. HP: 87/91 MP: 9/9
  8817 | D:10     | Entered Level 10 of the Dungeon
  9050 | D:10     | Reached skill level 10 in Fighting
  9054 | D:10     | Reached skill level 10 in Axes
  9281 | D:10     | Noticed a two-headed ogre
  9289 | D:10     | Killed a two-headed ogre
  9350 | D:10     | Reached skill level 10 in Armour
  9689 | D:10     | Noticed a two-headed hydra
  9699 | D:10     | Killed a three-headed hydra
  9765 | D:11     | Noticed a two-headed ogre
  9772 | D:11     | Reached XP level 11. HP: 81/101 MP: 10/10
  9775 | D:11     | Killed a two-headed ogre
  9994 | D:11     | Noticed a purple ugly thing
  9995 | D:11     | Found a runed translucent door.
  9995 | D:11     | Noticed a white ugly thing
 10007 | D:11     | Killed a white ugly thing
 10010 | D:11     | Killed a white ugly thing
 10011 | D:11     | Reached skill level 10 in Shields
 10283 | D:11     | Found a bloodstained altar of Trog.
 10399 | D:11     | Killed an unseen horror
 10479 | D:11     | Found a staircase to the Orcish Mines.
 10629 | D:11     | Noticed ra1n577's ghost (journeyman DDFi)
 10650 | D:11     | Killed ra1n577's ghost
 10811 | D:11     | Noticed a boulder beetle
 10849 | D:11     | Killed a boulder beetle
 10947 | D:11     | Noticed a two-headed ogre
 10949 | D:11     | Killed a two-headed ogre
 11034 | D:11     | Noticed a centaur warrior
 11039 | D:11     | Killed a centaur warrior
 11082 | D:11     | Noticed an orc knight
 11092 | D:11     | Killed an orc knight
 11162 | D:11     | Noticed a purple ugly thing
 11173 | D:11     | Killed a purple ugly thing
 11174 | D:11     | Reached XP level 12. HP: 81/112 MP: 11/11
 11433 | D:12     | Noticed Snorg
 11443 | D:12     | Noticed a five-headed hydra
 11446 | D:12     | Killed Snorg
 11454 | D:12     | Killed an 11-headed hydra
 12014 | D:12     | Noticed a two-headed ogre
 12023 | D:12     | Killed a two-headed ogre
 12138 | Orc:1    | Entered Level 1 of the Orcish Mines
 12138 | Orc:1    | Found Sosouq's Antique Armour Boutique.
 12277 | Orc:1    | Received a gift from Trog
 12454 | Orc:2    | Entered Level 2 of the Orcish Mines
 12484 | Orc:1    | Noticed Maurice
 12490 | Orc:1    | Killed Maurice
 12674 | Orc:1    | Found a roughly hewn altar of Beogh.
 12830 | Orc:2    | Found a staircase to the Elven Halls.
 13014 | Orc:2    | Found a shimmering blue altar of Sif Muna.
 13129 | Orc:2    | Received a gift from Trog
 13130 | Orc:2    | Found the +8 mithril axe "Arga" {speed, Will+}
 13189 | Orc:2    | Noticed an orc high priest
 13195 | Orc:2    | Killed an orc high priest
 13199 | Orc:2    | Noticed an orc high priest
 13199 | Orc:2    | Noticed an orc high priest
 13208 | Orc:2    | Reached XP level 13. HP: 122/122 MP: 12/12
 13236 | Orc:2    | Mangled by an ice devil

Illustrated notes

Levels and vault maps discovered:
D:1:      evilmike_arrival_crescent, layout_basic, nemelex_diamond_rough_becter
D:2:      layout_basic
D:3:      minmay_roachtagon, layout_basic, grunt_gozag_statues,
          lightli_temple_of_fire, tgw_fedhas
D:4:      layout_cave_pools, minmay_joined_circles
D:5:      layout_basic, cheibriados_altar_1
D:6:      minmay_flawed_box, layout_layer_cave, kennysheep_vampire_church,
          minmay_temple_entry_statues_pillars, serial_shops, nicolae_shop_trees,
          kennysheep_mini_moat
D:7:      statuecave_lemuel, layout_gridville, nzn_wu_jian_council_hall,
          kennysheep_little_box
D:8:      layout_basic, zin_statuary
D:9:      layout_basic, lair_entry_dummy, kennysheep_minor_cross,
          minmay_crystal_water, minmay_ruffians, uniq_prince_ribbit1
D:10:     layout_irregular_city, hangedman_ranch [blue_anna_fruit_fields]
D:11:     layout_rooms, kennysheep_orc_monster_closet_entryway,
          gammafunk_ghost_grave, basic_altar, minmay_shattered_shrine
D:12:     layout_long_grid, uniq_snorg
Orc:1:    layout_caves, serial_shops, shop, basic_altar, uniq_maurice
Orc:2:    grunt_orc_tribal_feast, layout_caves, led_sif_book

Skill      XL: |  1  2  3  4  5  6  7  8  9 10 11 12 |
---------------+-------------------------------------+-----
Fighting       | 4 5 6 8 9 10 12 13 | 13.5
Axes           | 4 5 6 7 9 10 12 13 | 13.4
Armour         | 3 4 5 6 7 9 10 11 13 | 13.2
Dodging        | 3 |  3.5
Shields        | 1 3 4 6 8 9 11 12 | 12.7

Action                   |  1- 3 |  4- 6 |  7- 9 | 10-12 | 13-15 || total
-------------------------+-------+-------+-------+-------+-------++-------
Melee: Hand axe          |    85 |    54 |       |       |       ||   139
       Headbutt          |    13 |    22 |    50 |   128 |     2 ||   215
       War axe           |       |   100 |   297 |   432 |       ||   829
       Broad axe         |       |       |       |    19 |    18 ||    37
Invok: Trog's Hand       |       |     1 |     2 |     9 |     1 ||    13
       Berserk           |       |     1 |     2 |     7 |       ||    10
       Brothers in Arms  |       |       |       |     8 |       ||     8
  Use: Scroll            |       |     2 |     6 |    13 |     1 ||    22
 Stab: Distracted        |       |       |       |     2 |       ||     2
Armor: Animal skin       |    20 |       |       |       |       ||    20
       Ring mail         |     8 |    23 |       |       |       ||    31
       Skin              |     1 |       |       |       |       ||     1
       Plate armour      |       |    58 |   161 |   151 |     6 ||   376
Dodge: Dodged            |    53 |    37 |    27 |    74 |     6 ||   197
Block: Tower shield      |       |    94 |   287 |   522 |    29 ||   932

Table legend: (Time is in decaauts)
 A = Elapsed time spent in this place.
 B = Non-inter-level travel time spent in this place.
 C = Inter-level travel time spent in this place.
 D = Time resting spent in this place.
 E = Time spent auto-exploring this place.
 F = Levels seen in this place.
 G = Mean time per level.
                   A        B        C        D        E       F      G
               +--------+--------+--------+--------+--------+-----+--------+
         Total |  13613 |  13085 |    528 |    100 |  10568 |  14 |  972.4 |
       Dungeon |  12491 |  12001 |    490 |     79 |   9843 |  12 | 1040.9 |
  Orcish Mines |   1122 |   1085 |     37 |     21 |    725 |   2 |  561.0 |
               +--------+--------+--------+--------+--------+-----+--------+

Top non-repeatable levels by time:
    D:11: 1656 daAuts
     D:6: 1426 daAuts
     D:7: 1183 daAuts
     D:8: 1082 daAuts
     D:5: 1048 daAuts
    D:10: 982 daAuts
     D:3: 939 daAuts
     D:9: 881 daAuts
     D:2: 878 daAuts
     D:1: 825 daAuts
     D:4: 806 daAuts
    D:12: 779 daAuts
   Orc:1: 598 daAuts
   Orc:2: 523 daAuts
